 Dungeon Crawl Stone Soup version bcrawl-1.28.5 (webtiles) character file.

Game seed: 16204997744549342460

162748 Mehrunes the Shield-Bearer (level 6, -4/47 HPs)
             Began as a Human Fighter on Feb 4, 2021.
             Slain by a sky beast (5 damage)
             ... on level 4 of the Dungeon.
             The game lasted 00:06:06 (3517 turns).

Mehrunes the Shield-Bearer (Human Fighter)          Turns: 3517, Time: 00:06:06

Health: -4/47      AC: 11    Str: 19    XL:     6   Next: 84%
Magic:  6/6        EV:  2    Int:  8    God:
Gold:   244        SH: 11    Dex: 12    Spells: 5/5 levels left

rFire    . . .     SeeInvis .   a - +0 long sword
rCold    . . .     Gourm    .   c - +0 medium shield
rNeg     . . .     Faith    .   f - +0 plate armour
rPois    .         Spirit   .   (no helmet)
rElec    .         Reflect  .   j - scarf {clouds}
rCorr    .         Harm     .   (no gloves)
MR       .....                  (no boots)
Stlth    ..........             (no amulet)
HPRegen  0.15/turn              (no ring)
MPRegen  0.10/turn              (no ring)

@: no status effects
A: no striking features
a: Evoke Fog


You were on level 4 of the Dungeon.
You were hungry.

You visited 1 branch of the dungeon, and saw 4 of its levels.

You collected 244 gold pieces.

Inventory:

Hand Weapons
 a - a +0 long sword (weapon)
 i - a +0 hunting sling
 q - a +3 dagger of freezing
 v - a +0 dagger of electrocution
Missiles
 B - 153 poisoned tomahawks (quivered)
Armour
 b - a +0 scale mail
 c - a +0 medium shield (worn)
 f - a +0 plate armour (worn)
 j - a scarf of clouds (worn)
Jewellery
 t - a +5 ring of slaying {unknown}
Scrolls
 h - 4 scrolls of remove curse {unknown}
 n - a scroll of teleportation {unknown}
 o - 2 scrolls of identify
 s - a scroll of magic mapping {unknown}
 x - a scroll of amnesia {unknown}
 y - a scroll of enchant weapon {unknown}
 z - a scroll of blinking {unknown}
 C - a scroll of enchant armour {unknown}
Potions
 d - 2 potions of might
 g - 2 potions of curing {unknown}
 k - 2 potions of brilliance {unknown}
 l - 2 potions of heal wounds {unknown}
 m - 2 potions of flight {unknown}
 p - a potion of haste {unknown}
 r - a potion of lignification {unknown}
 u - a potion of ambrosia {unknown}
 w - 2 potions of magic {unknown}
Comestibles
 e - 5 rations {!d}
 A - a chunk of flesh


   Skills:
 - Level 3.0 Fighting
 + Level 5.4 Long Blades
 - Level 3.2 Armour
 + Level 6.0 Shields


You had 5 spell levels left.
You didn't know any spells.
Your spell library was empty.

Dungeon Overview and Level Annotations

Branches:
Dungeon (4/12)
 Temple: D:4-7

Altars:
Nemelex Xobeh


Message History

You barely miss the sky beast.
The sky beast is almost dead.
The sky beast hits you but does no damage.
You barely miss the sky beast.
The sky beast is almost dead.
The sky beast hits you.
* * * LOW HITPOINT WARNING * * *
The sky beast shocks you.
* * * LOW HITPOINT WARNING * * *
The sky beast flickers out of sight!
Deactivating autopickup; reactivate with Ctrl-A.
A sky beast appears from thin air!
Reactivating autopickup.
The sky beast flickers out of sight!
Deactivating autopickup; reactivate with Ctrl-A.
There is an open door here.
Something hits you.
* * * LOW HITPOINT WARNING * * *
Something shocks you.
You die...

#.#####.# #.# #.# #.......#
#.# #.## #.####### ##+## #...
###.### ##...## ###. #.....##
##.....## ####. #.#....##
##.......## ##.##.
#.#.#...####.........####...#.
#..###.....'.........+.....>..
#.## ##.####.@.......###..[...
#..###.## ##.......## #.#.##.
#.#.#.## ##.....## #.#####
#..<..# ####...## #.# ####.##
##.###'## #.# #.######.#<##.#
#.# #.......###.#.# #.#
########.#.##.## #.#
##.##...## #.#


There were no monsters in sight!

Vanquished Creatures
  A sky beast (D:4)
  An orc priest (D:3)
  Jessica (D:3)
  A worker ant (D:3)
  A gnoll (D:3)
  7 adders
  An adder skeleton (D:2)
  4 worms
  2 leopard geckos
  7 orcs
  A ball python (D:3)
  3 bats
  2 giant cockroaches
  5 goblins
  7 hobgoblins
  2 jackals (D:2)
  9 kobolds
  6 quokkas
  4 frilled lizards
  3 rats
68 creatures vanquished.

Notes
Turn   | Place    | Note
-------+----------+-------------------------------------------
     0 | D:1      | Mehrunes the Human Fighter began the quest for the Orb.
     0 | D:1      | Reached XP level 1. HP: 18/18 MP: 1/1
   125 | D:1      | Reached XP level 2. HP: 23/24 MP: 2/2
   733 | D:2      | Reached XP level 3. HP: 29/29 MP: 3/3
   833 | D:2      | Reached skill level 4 in Shields
   987 | D:2      | Found a sparkling altar of Nemelex Xobeh.
  1275 | D:2      | Reached XP level 4. HP: 16/35 MP: 4/4
  1760 | D:3      | Reached XP level 5. HP: 30/41 MP: 5/5
  1959 | D:3      | Reached skill level 5 in Shields
  2218 | D:3      | Noticed Jessica
  2232 | D:3      | Killed Jessica
  2233 | D:3      | Reached XP level 6. HP: 47/47 MP: 6/6
  2686 | D:4      | Noticed a sky beast
  2985 | D:4      | Noticed an ogre
  3273 | D:4      | Reached skill level 5 in Long Blades
  3294 | D:4      | Noticed a sky beast
  3304 | D:4      | Killed a sky beast
  3305 | D:4      | Reached skill level 6 in Shields
  3494 | D:4      | HP: 2/47 [sky beast (6)]
  3517 | D:4      | HP: 1/47 [something (4)]
  3517 | D:4      | Slain by a sky beast

Skill      XL: |  1  2  3  4  5  6 |
---------------+-------------------+-----
Long Blades    | 3 4 5 |  5.4
Shields        | 4 5 6 |  6.0
Fighting       | |  3.0
Armour         | |  3.2

Action                   |  1- 3 |  4- 6 || total
-------------------------+-------+-------++-------
Melee: Long sword        |   163 |   199 ||   362
Throw: Tomahawk          |       |     4 ||     4
  Use: Potion            |     1 |     1 ||     2
  Eat: Chunk             |     6 |    13 ||    19
Armor: Plate armour      |   121 |    96 ||   217
       Scale mail        |     1 |       ||     1
Dodge: Dodged            |     6 |    10 ||    16
Block: Medium shield     |    86 |   103 ||   189
